Map: 2000 Atmospheres LE

Players

Namshar - Winner!

  • Race: Zerg Zerg

PiLiPiLi

  • Race: Protoss Protoss

Event: DreamHack SC2 Masters 2021 Fall

VOD

Have the link to the VOD?

Description

Time

  • Played on: Aug. 8, 2021, 4:13 p.m.
  • Length: 7:08

All games in this series

Show
View Real Time Build Order
Export as new Build Order

Namshar Zerg - Winner!

Build Orders: Hatch First 

Get SALT Encoding   

  12  0:00  Drone  
  13  0:12  Overlord  
  13  0:16  Drone  
  14  0:30  Drone x2  
  16  0:47  Hatchery  
  15  0:50  Drone  
  15  0:54  Drone  
  18  0:57  Drone  
  18  1:07  Extractor  
  17  1:12  Spawning Pool  
  17  1:15  Drone  
  18  1:18  Drone  
  18  1:27  Drone  
  19  1:42  Hatchery  
  19  1:44  Drone  
  19  1:50  Drone  
  20  1:59  Drone  
  20  2:00  Drone  
  22  2:03  Queen  
  24  2:12  Queen  
  26  2:18  Overlord  
  26  2:21  Drone  
  27  2:23  Drone  
  28  2:31  Metabolic Boost  
  28  2:36  Drone  
  29  2:37  Drone x2  
  29  2:42  Overlord  
  31  2:46  Overlord  
  31  2:56  Queen  
  31  2:57  Drone  
  34  3:02  Drone x2  
  34  3:05  Queen  
  38  3:07  Drone  
  38  3:09  Drone  
  40  3:13  Overlord  
  40  3:16  Drone  
  41  3:20  Overlord  
  41  3:22  Drone x2  
  41  3:24  Drone  
  41  3:25  Drone  
  45  3:29  Spore Crawler  
  45  3:31  Spore Crawler  
  43  3:34  Spore Crawler, Drone  
  43  3:39  Drone x2  
  45  3:44  Drone x2  
  45  3:45  Drone  
  48  3:51  Drone  
  48  3:52  Drone x4  
  53  3:56  Spore Crawler  
  53  3:57  Drone  
  53  3:58  Drone  
  53  4:02  Drone  
  55  4:03  Drone x2  
  55  4:06  Extractor x2  
  56  4:11  Lair, Roach Warren  
  56  4:14  Drone x2  
  57  4:17  Overlord  
  57  4:20  Drone x2  
  59  4:31  Drone x8  
  66  4:33  Spore Crawler  
  66  4:38  Drone x4  
  69  4:44  Drone  
  69  4:45  Queen  
  70  4:47  Overlord  
  71  4:53  Extractor, Zergling x4  
  71  4:54  Extractor, Overlord  
  71  4:58  Overlord x3  
  71  5:08  Roach x2  
  71  5:09  Roach  
  77  5:18  Glial Reconstitution  
  77  5:21  Drone  
  77  5:22  Drone  
  77  5:23  Extractor, Drone  
  77  5:25  Drone  
  78  5:31  Drone x3  
  78  5:33  Drone  
  78  5:34  Spire  
  81  5:36  Roach x2  
  81  5:39  Roach x3  
  91  5:45  Overlord x2  
  91  5:48  Roach  
  91  5:49  Roach x6  
  104  5:53  Spine Crawler  
  104  5:55  Spine Crawler, Overlord  
  104  5:56  Overlord  
  103  5:59  Ravager x5  
  108  6:07  Ravager, Roach x3  
  115  6:12  Roach  
  115  6:13  Roach x2  
  122  6:18  Ravager  
  122  6:19  Zergling x8  
  122  6:20  Zergling x4  
  122  6:22  Ravager  
  129  6:29  Ravager  
  128  6:34  Zergling x16  
  128  6:39  Ravager x2  
  127  6:45  Roach x5  
  133  6:48  Roach x3  
Show
View Real Time Build Order
Export as new Build Order

PiLiPiLi Protoss 

Build Orders: 1 Gate Expand, Oracle Opening 

Get SALT Encoding   

  12  0:00  Probe  
  13  0:12  Probe  
  14  0:19  Pylon  
  14  0:24  Probe  
  14  0:27  Assimilator  
  15  0:37  Probe (Chrono Boost)  
  16  0:43  Gateway  
  16  0:49  Probe (Chrono Boost)  
  17  0:56  Probe (Chrono Boost)  
  18  1:03  Probe  
  19  1:15  Probe  
  20  1:24  Nexus  
  20  1:36  Cybernetics Core  
  20  1:37  Probe  
  21  1:42  Assimilator  
  21  1:50  Probe  
  21  1:52  Pylon  
  22  2:02  Probe  
  23  2:09  Stalker (Chrono Boost)  
  23  2:13  Warp Gate  
  23  2:14  Probe  
  26  2:20  Stargate  
  26  2:26  Probe  
  27  2:32  Adept  
  27  2:36  Probe  
  30  2:38  Probe  
  31  2:48  Probe  
  31  2:50  Probe  
  33  2:57  Gateway  
  33  3:01  Oracle (Chrono Boost), Probe  
  33  3:02  Probe  
  38  3:13  Probe  
  38  3:14  Probe  
  38  3:18  Pylon  
  40  3:25  Probe  
  40  3:26  Probe  
  42  3:28  Oracle (Chrono Boost)  
  42  3:32  Pylon  
  45  3:37  Probe  
  45  3:38  Assimilator, Probe  
  45  3:39  Assimilator  
  47  3:46  Pylon  
  47  3:49  Probe  
  47  3:51  Probe  
  49  4:01  Probe  
  50  4:03  Probe  
  50  4:07  Robotics Facility  
  50  4:09  Adept  
  53  4:10  Adept  
  53  4:13  Probe  
  53  4:15  Probe  
  57  4:21  Nexus  
  57  4:25  Probe  
  58  4:37  Probe x2  
  60  4:38  Pylon  
  60  4:41  Sentry x2  
  60  4:45  Gateway  
  64  4:46  Gateway  
  64  4:54  Gateway  
  64  4:56  Immortal (Chrono Boost)  
  68  5:05  Sentry x2  
  72  5:13  Gateway x2  
  72  5:16  Pylon  
  72  5:27  Warp Prism (Chrono Boost)  
  72  5:32  Sentry x2  
  78  5:37  Pylon  
  78  5:42  Stalker x2  
  82  5:53  Stalker  
  82  5:55  Stalker x2  
  88  6:04  Stalker x2  
  92  6:10  Pylon  
  92  6:12  Sentry, Stalker  
  93  6:27  Stalker x5  
  94  6:37  Stalker x2  
  78  7:00  Adept x4  
  78  7:01  Adept x3  

Tags
 
Add a new tag
Caveats
  • Supply blocks, unpowered buildings, or Contaminate may cause inaccurate times.
  • Supply counts are checked every 10 seconds.